 Dungeon Crawl Stone Soup version 0.30-a0-1114-gd936c97349 (webtiles) character file.

Game seed: 16292592327062137220

422 jasper the Ruffian (level 6, -5/54 (59) HPs)
             Began as a Troll Fighter on Apr 20, 2023.
             Slain by a wight
             ... wielding a +0 halberd
              (13 damage)
             ... on level 4 of the Dungeon.
             The game lasted 00:05:25 (3059 turns).

jasper the Ruffian (Troll Fighter)                  Turns: 3059, Time: 00:05:25

HP:   -5/54 (59)    AC:  5    Str: 25    XL:     6   Next: 63%
MP:   5/5           EV:  8    Int:  6    God:
Gold: 52            SH:  7    Dex:  9    Spells: 5/5 levels left

rFire   . . .      SeeInvis .      - Unarmed
rCold   . . .      Faith    .    b - +0 kite shield
rNeg    . . .      Spirit   .    a - +0 robe
rPois   .          Reflect  .    (helmet restricted)
rElec   .          Rampage  .    k - +0 cloak
rCorr   .                        (gloves unavailable)
Will    .....                    (boots unavailable)
Stlth   +                        (no amulet)
HPRegen 1.09/turn                (no ring)
MPRegen 0.09/turn                (no ring)

@: drained
A: large, unfitting armour, claws 3, regeneration 1, shaggy fur 1, tough skin 1
a: no special abilities


You were on level 4 of the Dungeon.
You visited 1 branch of the dungeon, and saw 4 of its levels.

You collected 208 gold pieces.
You spent 156 gold pieces at shops.

Inventory:

Missiles
 e - 22 stones (quivered)
 f - 4 javelins
 m - 5 poisoned darts
 p - 4 atropa-tipped darts
 s - 6 silver javelins
Armour
 a - a +0 robe (worn)
 b - a +0 kite shield (worn)
 k - a +0 cloak (worn)
Jewellery
 r - a ring of poison resistance
Wands
 c - a wand of flame (15)
Scrolls
 g - a scroll of immolation
 i - 3 scrolls of identify
 j - 2 scrolls of magic mapping
 q - 2 scrolls of amnesia
Potions
 d - 2 potions of ambrosia
 h - a potion of curing {unknown}
 l - a potion of brilliance
 n - a potion of attraction
 t - a potion of magic {unknown}


   Skills:
 - Level 2.4 Fighting
 - Level 2.4 Dodging
 - Level 2.6 Shields
 * Level 7.2 Unarmed Combat


You had 5 spell levels left.
You didn't know any spells.
Your spell library contained the following spells:

 Spells                   Type           Power      Damage    Failure   Level
 Cigotuvi's Dreadful Rot  Necr/Pois/Air  0%         N/A       88%         2
 Dispel Undead            Necr           0%         3d6       100%        4
 Death Channel            Necr           0%         N/A       100%        6


Dungeon Overview and Level Annotations

Branches:
Dungeon (4/15)
 Temple: D:4-7

Altars:
Elyvilon
Vehumet
Zin

Shops:
D:3 ?[   D:4 :

Annotations:
D:4 Ijyb


Innate Abilities, Weirdness & Mutations

You are too large for most types of armour.
You have claws for hands.
Your natural rate of healing is unusually fast.
You are covered in fur. (AC +1)
You have tough skin. (AC +1)


Message History

A wight comes into view. It is wielding a +0 halberd.
The wight closely misses you.
You regained 2 hp, and now have 35/58 hp.
You closely miss the wight.
The wight is almost destroyed.
The wight barely misses you.
You barely miss the wight.
The wight is almost destroyed.
The wight closely misses you. You block the wight's attack.
You closely miss the wight.
The wight is almost destroyed.
The wight hits you from afar with a +0 halberd.
You feel drained. The wight hits you with a +0 spear.
You take 9 damage, and have 28/57 hp.
You scratch the wight.
You destroy the wight!
You block the wight's attack.
Your life force feels restored.
Your Unarmed Combat skill increases to level 7!
An adder and a wight come into view.
The wight is wielding a +2 short sword of freezing.
The wight hits you with a +0 halberd!
* * * LOW HITPOINT WARNING * * *
You feel drained.
* * * LOW HITPOINT WARNING * * *
There is an open door, spattered with blood here.
Things that are here:
a +0 spear; a +0 robe You take 19 damage, and have 10/56 hp.
MASSIVE DAMAGE!!
You claw the wight!
The wight is heavily damaged.
The adder hisses angrily.
You hear a shout!
The wight hits you with a +0 halberd.
* * * LOW HITPOINT WARNING * * *
You feel drained.
* * * LOW HITPOINT WARNING * * *
Ijyb the Twisted Goblin comes into view.
She is wielding a +0 club and carrying a wand of polymorph (8).
You take 3 damage, and have 7/54 hp.
The wight hits you from afar with a +0 halberd!
You die...

+.........# #.........#
####......#
######......#
#...........#
#...........# #######
#...........# .......
#...........####.......
#...†.........@).......
#..........#####z......
#......##### .......
#......# .......
#......# z......
#......# .......
#......# .......
#......# ..g....
########


You could see a wight.

Vanquished Creatures
  Blork the orc (D:4)
  3 wights (D:4)
  A sleepcap (D:4)
  An orc wizard (D:4)
  Terence (D:2)
  6 adders
  A worm (D:2)
  2 dart slugs
  2 orcs (D:4)
  6 ball pythons
  5 bats
  2 endoplasms
  4 giant cockroaches
  7 goblins
  4 hobgoblins
  2 kobolds
  5 quokkas
  7 frilled lizards
  8 rats
68 creatures vanquished.

Notes
Turn   | Place    | Note
-------+----------+-------------------------------------------
     0 | D:1      | jasper the Troll Fighter began the quest for the Orb.
     0 | D:1      | Reached XP level 1. HP: 22/22 MP: 0/0
    92 | D:1      | Reached XP level 2. HP: 29/29 MP: 1/1
   165 | D:1      | Reached skill level 3 in Unarmed Combat
   926 | D:2      | Noticed Terence
   938 | D:2      | Killed Terence
   939 | D:2      | Reached XP level 3. HP: 16/36 MP: 2/2
   947 | D:2      | Reached skill level 4 in Unarmed Combat
  1071 | D:2      | Reached XP level 4. HP: 44/44 MP: 3/3
  1318 | D:2      | Found a radiant altar of Vehumet.
  1780 | D:3      | Found Mop Ymicw's Antique Armour Boutique.
  1785 | D:3      | Bought a cloak for 130 gold pieces
  1857 | D:3      | Found a glowing silver altar of Zin.
  1934 | D:3      | Found a white marble altar of Elyvilon.
  1961 | D:3      | Reached skill level 5 in Unarmed Combat
  2216 | D:3      | Found Ipetwy's Magic Scroll Boutique.
  2229 | D:3      | Bought a scroll of identify for 26 gold pieces
  2722 | D:4      | Reached XP level 5. HP: 50/50 MP: 4/4
  2734 | D:4      | Noticed Blork the orc
  2763 | D:4      | Killed Blork the orc
  2764 | D:4      | Reached skill level 6 in Unarmed Combat
  2858 | D:4      | Reached XP level 6. HP: 59/59 MP: 5/5
  2878 | D:4      | Found Cuppegga's Tremendous Tomes.
  3057 | D:4      | Reached skill level 7 in Unarmed Combat
  3058 | D:4      | Noticed Ijyb
  3059 | D:4      | Slain by a wight

Illustrated notes

Levels and vault maps discovered:
D:1:      lemuel_arrival_tunnels, layout_loops_ring, roderic_malta_cross,
          wander_ebering_terrifying_dragon_lair
D:2:      layout_basic, basic_altar, grunt_ministairs_9, uniq_terence
D:3:      layout_basic, mainiacjoe_overflow_cross_hatched, elyvilon_altar_5,
          serial_shops, shop, nicolae_shop_crystal, st_stairs_9
D:4:      layout_basic, minmay_temple_entry_nine_rooms,
          nicolae_shop_i_like_big_books, uniq_ijyb, uniq_blork_the_orc

Skill      XL: |  1  2  3  4  5  6 |
---------------+-------------------+-----
Unarmed Combat | 3 4 5 6 7 |  7.2
Fighting       | |  2.4
Dodging        | |  2.4
Shields        | |  2.6

Action                     |  1- 3 |  4- 6 || total
---------------------------+-------+-------++-------
  Melee: Unarmed           |    69 |   117 ||   186
  Throw: Stone             |     3 |     2 ||     5
    Use: Scroll            |     4 |     4 ||     8
         Potion            |     1 |     1 ||     2
 Armour: Robe              |    14 |    30 ||    44
  Dodge: Dodged            |    16 |    29 ||    45
  Block: Kite shield       |    21 |    40 ||    61

Table legend: (Time is in decaauts)
 A = Elapsed time spent in this place.
 B = Non-inter-level travel time spent in this place.
 C = Inter-level travel time spent in this place.
 D = Time resting spent in this place.
 E = Time spent auto-exploring this place.
 F = Levels seen in this place.
 G = Mean time per level.
                   A        B        C        D        E       F      G
               +--------+--------+--------+--------+--------+-----+--------+
         Total |   3071 |   2929 |    142 |    105 |   2226 |   4 |  767.8 |
       Dungeon |   3071 |   2929 |    142 |    105 |   2226 |   4 |  767.8 |
               +--------+--------+--------+--------+--------+-----+--------+

Top non-repeatable levels by time:
     D:1: 896 daAuts
     D:2: 888 daAuts
     D:3: 886 daAuts
     D:4: 399 daAuts
